 Dungeon Crawl Stone Soup version 0.31-a0-1082-g7d1fb776a8 (webtiles) character file.

Game seed: 2041617283437609312

12124 Gumption the Frost Mage (level 11, 0/89 HPs)
             Began as a Purple Draconian Ice Elementalist on Nov 27, 2023.
             Was an Elder of Hepliaklqana.
             Slain by a centaur warrior
             ... wielding a staff of cold
              (5 damage)
             ... on level 10 of the Dungeon.
             The game lasted 02:50:03 (16095 turns).

Gumption the Frost Mage (DrIE)                     Turns: 16095, Time: 02:50:03

Health: 0/89       AC:  9    Str: 11    XL:     11   Next: 58%
Magic:  6/18       EV: 12    Int: 19    God:    Hepliaklqana [****..]
Gold:   236        SH:  0    Dex: 18    Spells: 6/20 levels left

rFire   . . .        a - +2 dagger (venom)
rCold   . . .        (no shield)
rNeg    + . .        (body armour unavailable)
rPois   .            (helmet restricted)
rElec   .            (no cloak)
rCorr   .            t - +1 pair of gloves
SInv    .            (no boots)
Will    +....        f - amulet of the acrobat
Stlth   ++           F - +6 ring of dexterity
HPRegen 0.34/turn    p - ring of positive energy
MPRegen 0.16/turn

%: acrobat
@: freezing walls, slowed, very slow
A: reduced essence, breathe power, AC +7, unfitting armour, cold-blooded
a: Breathe Dispelling Energy, Renounce Religion, Recall Ancestor, Ancestor
Identity, Transference, Idealise


You were on level 10 of the Dungeon.
You worshipped Hepliaklqana.
Hepliaklqana was greatly pleased with you.
You visited 2 branches of the dungeon, and saw 11 of its levels.

You collected 552 gold pieces.
You spent 316 gold pieces at shops.

Inventory:

Hand Weapons
 a - a +2 dagger of venom (weapon)
 b - a +0 sling
 w - a +1 spear of freezing
 O - a +4 dagger
Missiles
 j - 40 poisoned darts (quivered)
 r - 59 stones
 x - 11 javelins
 G - a curare-tipped dart
 J - 4 boomerangs
Armour
 t - a +1 pair of gloves (worn)
Magical Staves
 d - a staff of fire
Jewellery
 f - an amulet of the acrobat (around neck)
 p - a ring of positive energy (right hand)
 F - a +6 ring of dexterity (left hand)
Wands
 z - a wand of flame (16)
 A - a wand of polymorph (11)
Scrolls
 e - 2 scrolls of identify
 i - a scroll of fear
 l - 2 scrolls of blinking
 n - 2 scrolls of brand weapon
 q - a scroll of enchant weapon
 s - a scroll of immolation
 v - a scroll of fog
 y - 2 scrolls of teleportation
 D - 2 scrolls of vulnerability
 H - a scroll of revelation
 I - a scroll of amnesia
 K - a scroll of summoning
 M - a scroll of enchant armour
 P - a scroll of poison {unknown}
Potions
 c - a potion of magic
 g - a potion of ambrosia
 h - 2 potions of haste
 k - a potion of enlightenment
 m - 5 potions of curing
 o - 2 potions of attraction
 u - a potion of lignification
 B - 3 potions of heal wounds
 C - a potion of cancellation
 E - a potion of resistance
 L - a potion of brilliance
 N - a potion of might


   Skills:
 + Level 10.1 Fighting
 - Level 1.7 Dodging
 - Level 1.7 Stealth
 - Level 5.0 Spellcasting
 + Level 7.1 Conjurations
 - Level 5.0 Summonings
 - Level 12.0 Ice Magic
 - Level 7.0 Invocations


You had 6 spell levels left.
You knew the following spells:

 Your Spells              Type           Power      Damage    Failure   Level
a - Freeze                Ice            100%       1d10      1%          1
b - Frozen Ramparts       Ice            100%       1d16      1%          3
c - Ozocubu's Armour      Ice            50%        N/A       1%          3
d - Summon Ice Beast      Ice/Summ       37%        N/A       3%          4
e - Searing Ray           Conj           62%        2d6       1%          2
f - Apportation           Tloc           8%         N/A       12%         1

Your spell library contained the following spells:

 Spells                   Type           Power      Damage    Failure   Level
 Magic Dart               Conj           100%       1d8       1%          1
 Summon Small Mammal      Summ           92%        N/A       1%          1
 Dazzling Flash           Conj/Hex       36%        N/A       9%          3
 Necrotise                Necr           16%        1d4       12%         1
 Sublimation of Blood     Necr           4%         N/A       19%         2
 Wereblood                Tmut           4%         N/A       19%         2
 Fulminant Prism          Conj/Hex       9%         3d7       28%         4
 Inner Flame              Hex/Fire       4%         N/A       36%         3
 Volatile Blastmotes      Fire/Tloc      8%         2d10      36%         3
 Animate Dead             Necr           4%         N/A       77%         4
 Yara's Violent Unravell  Hex/Tmut       2%         3d3       98%         5
 Starburst                Conj/Fire      9%         6d5       99%         6
 Enfeeble                 Hex            2%         N/A       100%        7
 Haunt                    Necr/Summ      7%         N/A       100%        7
 Summon Hydra             Summ           11%        N/A       100%        7
 Infestation              Necr           2%         N/A       100%        8
 Maxwell's Capacitive Co  Air            2%         ∞         100%        8


Dungeon Overview and Level Annotations

Branches:
Dungeon (10/15)            Temple (1/1) D:5            Lair (0/5) D:10
    Orc (0/2) D:10

Altars:
Ashenzari
Cheibriados
Dithmenos
Elyvilon
Fedhas
Gozag
Hepliaklqana
Kikubaaqudgha
Makhleb
Nemelex Xobeh
Okawaru
Qazlal
Ru
Sif Muna
Trog
Uskayaw
Vehumet
Wu Jian
Xom
Yredelemnul
Zin
The Shining One

Shops:
D:1 (   D:2 ?   D:4 !   D:6 *

Annotations:
D:9 kskgo's ghost, journeyman DjFE


Innate Abilities, Weirdness & Mutations

Your life essence is reduced to manifest your ancestor. (-10% HP)
You can breathe bolts of dispelling energy.
Your rich purple scales are hard. (AC +7)
You cannot fit into any form of body armour.
You are cold-blooded and may be slowed by cold attacks.


Message History

The centaur warrior resists.
The wall freezes the centaur warrior.
The centaur warrior hits you with a staff of cold!
* * * LOW HITPOINT WARNING * * *
The centaur warrior kicks you but does no damage.
Your ice beast hits the centaur warrior but does no damage.
Casting: Frozen Ramparts (safe; 1% risk of failure)
Confirm with . or Enter, or press ? or * to list all spells.
Aiming: Freeze (safe; 1% risk of failure)
Press: ? - help, Shift-Dir - straight line, f - centaur warrior
Aim: a centaur warrior, wielding a staff of cold and wearing a ring of magical power (moderately wounded, very poisoned, ally target)
You freeze the centaur warrior.
The centaur warrior resists.
The centaur warrior is heavily wounded.
The centaur warrior resists.
The wall freezes the centaur warrior.
The centaur warrior hits you but does no damage.
The centaur warrior freezes you!
* * * LOW HITPOINT WARNING * * *
The centaur warrior kicks you but does no damage.
A death knight comes into view. It is wielding a +0 great sword.
Your ice beast hits the centaur warrior.
Your ice beast freezes the centaur warrior.
The centaur warrior resists.
The wall freezes the centaur warrior but does no damage.
The centaur warrior hits you with a staff of cold!
* * * LOW HITPOINT WARNING * * *
The centaur warrior freezes you.
* * * LOW HITPOINT WARNING * * *
You feel as though you will be slow longer.
The centaur warrior kicks you but does no damage.
Casting: Freeze (safe; 1% risk of failure)
Confirm with . or Enter, or press ? or * to list all spells.
Aiming: Freeze (safe; 1% risk of failure)
Press: ? - help, Shift-Dir - straight line, f/p - centaur warrior
Aim: a centaur warrior, wielding a staff of cold and wearing a ring of magical power (severely wounded, very poisoned, ally target)
You freeze the centaur warrior.
The centaur warrior resists.
The centaur warrior is severely wounded.
The centaur warrior resists.
The wall freezes the centaur warrior.
The centaur warrior hits you with a staff of cold!
* * * LOW HITPOINT WARNING * * *
The centaur warrior freezes you.
You die...

.......###...### #..
########...### #p### #..
....#....### #.#..# #..
....#.#### #.#.#..# #.. .####.#
..#.###..## #.. ....#.# #K#.#$
#..####.. ###.#.##### #.#.)
###..##.. ....#.##..### ##c#.#
###..##.#..
.####.##.#.[####@Y#.###..####.#..
..#.#.##.#.#..####R.#..####..##..
......##.#.#.#..###).####....##..
.##...##†#.#.#.#..#####....#.##..
......##.#.#.#..##.##....#...##.#
......##.#.#..#####))).#..)#.##.#
..#..)##.#..####..###.)..#...##.#
..#.))##..## ##..[.####....#.##.#
#.#...#.### ##...##.8####....##..


You could see the friendly Thabo the knight, a death knight, a centaur warrior
(very poisoned, ally target), a kobold brigand and a friendly ice beast
(summoned).

Vanquished Creatures
  A centaur warrior (D:9)
  2 two-headed ogres (D:10)
  A manticore (D:10)
  A hornet (D:10)
  Sigmund (D:4)
  A wraith (D:6)
  4 yaks
  A shadow (D:6)
  4 wyverns
  A basilisk (D:10)
  A water moccasin (D:7)
  Duvessa (D:4)
  2 orc warriors (D:10)
  A black bear (D:6)
  A wolf (D:10)
  A phantom (D:4)
  2 kobold brigands
  3 bullfrogs
  5 scorpions
  2 wights
  Dowan (D:4)
  9 killer bees
  A howler monkey (D:8)
  3 jellies (D:6)
  2 hounds
  6 orc priests
  A sleepcap (D:6)
  7 iguanas
  Ijyb (D:4)
  Terence (D:2)
  10 orc wizards
  A nameless horror (D:9)
  A mummy (D:5)
  Robin (D:2)
  6 adders
  14 gnolls
  A shadow imp (D:5)
  A white imp (D:7)
  3 ufetubi
  A worm (D:3)
  5 dart slugs
  27 orcs
  4 ball pythons
  4 bats
  6 endoplasms
  A giant cockroach (D:2)
  9 hobgoblins
  7 jackals
  17 kobolds
  6 quokkas
  A frilled lizard (D:1)
  14 goblins
  15 rats
223 creatures vanquished.

Vanquished Creatures (collateral kills)
  A two-headed ogre (D:10)
  A wolf spider (D:10)
  A manticore (D:9)
  An ugly thing (D:10)
  2 unseen horrors (D:10)
  A slime creature (D:9)
  A wyvern (D:10)
  2 wraiths (D:10)
  3 yaks
  An acid dragon (D:10)
  A water moccasin (D:10)
  An ice beast (D:6)
  2 orc warriors (D:9)
  2 wolves (D:10)
  4 centaurs
  A kobold brigand (D:10)
  A bullfrog (D:9)
  8 wights
  A killer bee (D:8)
  2 howler monkeys
  2 jellies
  2 orc wizards (D:10)
  4 iguanas
  4 gnolls
  3 adders (D:6)
  An ufetubus (D:6)
  7 orcs
  2 kobolds (D:10)
62 creatures vanquished.

Vanquished Creatures (others)
  4 knights
  4 ancestors (D:6)
8 creatures vanquished.

Grand Total: 293 creatures vanquished

Notes
Turn   | Place    | Note
-------+----------+-------------------------------------------
     0 | D:1      | Gumption the Draconian Ice Elementalist began the quest for
                  | the Orb.
     0 | D:1      | Reached XP level 1. HP: 14/14 MP: 3/3
   181 | D:1      | Found Dobukh's Weapon Shoppe.
   198 | D:1      | Reached XP level 2. HP: 22/22 MP: 3/5
   415 | D:1      | Reached skill level 1 in Fighting
   948 | D:1      | Reached XP level 3. HP: 25/28 MP: 6/6
  1233 | D:2      | Found a faded altar of an unknown god.
  1431 | D:2      | Learned a level 3 spell: Frozen Ramparts
  1834 | D:2      | Reached XP level 4. HP: 36/36 MP: 2/7
  1894 | D:2      | Noticed Terence
  1916 | D:2      | Reached skill level 5 in Ice Magic
  1973 | D:1      | Bought 5 poisoned darts for 36 gold pieces
  2381 | D:2      | Noticed Robin
  2386 | D:2      | Killed Robin
  2432 | D:2      | Learned a level 3 spell: Ozocubu's Armour
  2447 | D:2      | Found Luradif's Magic Scroll Boutique.
  2460 | D:2      | Bought a scroll of identify for 20 gold pieces
  2460 | D:2      | Bought a scroll of identify for 20 gold pieces
  2460 | D:2      | Bought a scroll of fear for 40 gold pieces
  2631 | D:2      | Killed Terence
  2632 | D:2      | Reached XP level 5. HP: 42/42 MP: 2/9
  2821 | D:2      | Identified the +1 leather armour of the Chewing Gods
                  | {Regen+ Dex+2}
  2971 | D:3      | Found a hide-covered altar of Uskayaw.
  2979 | D:3      | Found a shimmering altar of Xom.
  2987 | D:3      | Found a sacrificial altar of Ru.
  3925 | D:4      | Reached XP level 6. HP: 50/50 MP: 4/11
  4084 | D:4      | Learned a level 4 spell: Summon Ice Beast
  4137 | D:4      | Reached skill level 6 in Ice Magic
  4437 | D:4      | Found a hazy altar of Hepliaklqana.
  4444 | D:4      | Noticed Sigmund
  5214 | D:4      | Your scales start taking on a rich purple colour.
  5214 | D:4      | Reached XP level 7. HP: 58/58 MP: 8/13
  5377 | D:4      | Became a worshipper of Hepliaklqana the Forgotten
  5393 | D:4      | Killed Sigmund
  5394 | D:4      | Reached skill level 5 in Spellcasting
  5394 | D:4      | Reached skill level 7 in Ice Magic
  5515 | D:4      | Noticed Ijyb
  5578 | D:4      | Killed Ijyb
  5671 | D:4      | Noticed Duvessa
  5679 | D:4      | Noticed Dowan
  5684 | D:4      | Killed Duvessa
  5687 | D:4      | Killed Dowan
  6009 | D:4      | Found Doorghar's Distillery.
  6013 | D:4      | Bought a potion of curing for 30 gold pieces
  6013 | D:4      | Bought a potion of heal wounds for 50 gold pieces
  6013 | D:4      | Bought a potion of curing for 30 gold pieces
  6136 | D:5      | Entered Level 5 of the Dungeon
  6249 | D:5      | Reached XP level 8. HP: 62/67 MP: 9/15
  6310 | D:5      | Reached skill level 8 in Ice Magic
  6491 | D:5      | Found a staircase to the Ecumenical Temple.
  6501 | Temple   | Entered the Ecumenical Temple
  6664 | D:5      | Reached skill level 5 in Fighting
  6765 | D:5      | Reached skill level 1 in Invocations
  6768 | D:5      | Reached skill level 1 in Summonings
  6986 | D:5      | Reached * piety under Hepliaklqana
  7299 | D:5      | Found a radiant altar of Vehumet.
  7304 | D:5      | Found a bloodstained altar of Trog.
  7375 | D:5      | Found a snail-covered altar of Cheibriados.
  7565 | D:6      | Found a stormy altar of Qazlal.
  7680 | D:6      | Found Fiaqunn's Assorted Antiques.
  7692 | D:6      | Bought a bubbling puce potion for 28 gold pieces
  7692 | D:6      | Bought a scroll labelled ECSEJO VORIV for 32 gold pieces
  8268 | D:6      | Reached skill level 9 in Ice Magic
  8493 | D:6      | Identified the +1 long sword of Internal Strife {protect,
                  | Stlth+}
  8772 | D:6      | Reached XP level 9. HP: 67/67 MP: 7/16
  8887 | D:6      | Learned a level 2 spell: Searing Ray
  9137 | D:6      | Reached skill level 1 in Conjurations
  9422 | D:7      | Found a broken altar of Ashenzari.
  9457 | D:7      | Reached ** piety under Hepliaklqana
  9458 | D:7      | Remembered your ancestor Thabo as a knight
  9797 | D:7      | Learned a level 1 spell: Apportation
 10021 | D:7      | Found a glowing golden altar of the Shining One.
 10489 | D:2      | Bought a scroll of teleportation for 30 gold pieces
 10688 | D:8      | Reached skill level 10 in Ice Magic
 11528 | D:8      | Reached *** piety under Hepliaklqana
 11608 | D:8      | Found a burning altar of Makhleb.
 11799 | D:9      | Found an iron altar of Okawaru.
 11884 | D:9      | Reached XP level 10. HP: 77/77 MP: 2/17
 12051 | D:9      | Reached skill level 5 in Invocations
 12139 | D:9      | Noticed a manticore
 12331 | D:9      | Noticed a centaur warrior
 12341 | D:9      | Killed a centaur warrior
 12583 | D:9      | Found a runed translucent gate.
 12584 | D:9      | Found a runed translucent gate.
 12585 | D:9      | Found a runed translucent gate.
 12585 | D:9      | Noticed kskgo's ghost (journeyman DjFE)
 12722 | D:9      | Reached skill level 5 in Summonings
 12824 | D:9      | Found an opulent altar of Gozag.
 12846 | D:9      | Found a blossoming altar of Fedhas.
 12999 | D:9      | Reached skill level 11 in Ice Magic
 13478 | D:9      | Killed a manticore
 14112 | D:10     | Entered Level 10 of the Dungeon
 14726 | D:10     | Found a staircase to the Orcish Mines.
 14796 | D:10     | Noticed a two-headed ogre
 14808 | D:10     | Killed a two-headed ogre
 14809 | D:10     | Reached skill level 5 in Conjurations
 14809 | D:10     | Reached XP level 11. HP: 85/85 MP: 9/18
 15086 | D:10     | Found a staircase to the Lair.
 15514 | D:10     | Reached skill level 12 in Ice Magic
 15633 | D:10     | Noticed a two-headed ogre
 15642 | D:10     | Killed a two-headed ogre
 15892 | D:10     | Noticed a two-headed ogre
 15910 | D:10     | Killed a two-headed ogre
 15959 | D:10     | Reached **** piety under Hepliaklqana
 16023 | D:10     | Noticed a wolf spider
 16025 | D:10     | Killed a wolf spider
 16045 | D:10     | Noticed a white ugly thing
 16054 | D:10     | Killed a white ugly thing
 16055 | D:10     | Reached skill level 10 in Fighting
 16089 | D:10     | Noticed a centaur warrior
 16094 | D:10     | Noticed a death knight
 16095 | D:10     | Slain by a centaur warrior

Illustrated notes

Levels and vault maps discovered:
D:1:      eino_arrival_water_star, layout_rooms, serial_shops, shop_fountains,
          grunt_decor_fettered, minmay_rat_gold_closets
D:2:      layout_basic, serial_shops, nicolae_shop_behind_doors,
          shapermc_ecumenical_altar_flowoftime, uniq_robin, uniq_terence
D:3:      kennysheep_six_static_rooms, layout_rooms,
          grunt_temple_overflow_diamond, feat_on_display
D:4:      layout_basic, nicolae_hepliaklqana_hazy_memory, serial_shops,
          nicolae_shop_back_alley_shop, serial_bayou, serial_bayou_lake_a,
          serial_bayou_pond_e, serial_bayou_pond_e, serial_bayou_crossing,
          serial_bayou_lagoon_a, minmay_goblin_outpost, uniq_sigmund,
          uniq_duvessa, uniq_ijyb
D:5:      nicolae_cairo_tiling_large_dashed, layout_basic, slow_altar_2,
          mainiacjoe_overflow_big_doors
D:6:      layout_loops_ring, nicolae_overflow_crystal_walls, serial_shops, shop,
          hangedman_minor_gate_pass
D:7:      layout_cave_pods, tso_altar, overflow_temple_1_default
D:8:      layout_loops_ring, mainiacjoe_overflow_alcove_4,
          palyth_stone_intersect
D:9:      layout_roguey, kennysheep_mini_moat, mainiacjoe_overflow_alcove_1,
          mainiacjoe_overflow_six_doors_small, gammafunk_ghost_split
D:10:     minmay_the_grid_triangle_9x9_rhombus_full
          [minmay_the_grid_triangle_9x9_shrine,
          minmay_the_grid_triangle_9x9_negative_grid,
          minmay_the_grid_triangle_9x9_limited_checkers,
          minmay_the_grid_triangle_9x9_sprig,
          minmay_the_grid_triangle_9x9_flanged_cone,
          minmay_the_grid_triangle_9x9_dagger,
          minmay_the_grid_triangle_9x9_windchime,
          minmay_the_grid_triangle_9x9_prize_insulated], layout_basic,
          minmay_lair_entry_grove
Temple:   nicolae_temple_two_arcs

Skill      XL: |  1  2  3  4  5  6  7  8  9 10 11 |
---------------+----------------------------------+-----
Fighting       | 1 2 3 4 6 7 8 10 | 10.1
Ice Magic      | 5 6 7 9 10 11 12 | 12.0
Spellcasting   | 3 4 5 |  5.0
Invocations    | 3 4 6 7 |  7.0
Summonings     | 3 4 5 |  5.0
Conjurations   | 3 5 7 |  7.1
Dodging        | |  1.7
Stealth        | |  1.7

Action                     |  1- 3 |  4- 6 |  7- 9 | 10-12 || total
---------------------------+-------+-------+-------+-------++-------
  Melee: Dagger            |    31 |    66 |    91 |    26 ||   214
         Tailslap          |     3 |     6 |    20 |     2 ||    31
         Punch             |       |       |       |     1 ||     1
  Throw: Dart              |    25 |    25 |    39 |    23 ||   112
         Stone             |    11 |       |       |       ||    11
         Javelin           |       |     3 |     9 |       ||    12
   Cast: Freeze            |    25 |    29 |    58 |     2 ||   114
         Frozen Ramparts   |     2 |    21 |    44 |    25 ||    92
         Ozocubu's Armour  |       |       |    10 |     1 ||    11
         Summon Ice Beast  |       |       |     8 |    24 ||    32
         Searing Ray       |       |       |     8 |    13 ||    21
 Invoke: Recall Ancestor   |       |       |     1 |     2 ||     3
         Ancestor Life: Kn |       |       |     1 |       ||     1
         Ancestor Identity |       |       |     1 |       ||     1
Ability: Breathe Dispellin |       |       |     3 |     3 ||     6
  Evoke: Wand              |       |       |     1 |       ||     1
    Use: Scroll            |     1 |     9 |    13 |     4 ||    27
         Potion            |       |       |     1 |       ||     1
   Stab: Distracted        |     1 |       |       |       ||     1
         Sleeping          |     4 |     4 |     2 |     1 ||    11
 Armour: Skin              |    19 |    32 |    96 |    45 ||   192
  Dodge: Dodged            |    19 |    80 |   102 |    49 ||   250

Table legend: (Time is in decaauts)
 A = Elapsed time spent in this place.
 B = Non-inter-level travel time spent in this place.
 C = Inter-level travel time spent in this place.
 D = Time resting spent in this place.
 E = Time spent auto-exploring this place.
 F = Levels seen in this place.
 G = Mean time per level.
                   A        B        C        D        E       F      G
               +--------+--------+--------+--------+--------+-----+--------+
         Total |  16207 |  15405 |    802 |   4743 |   2494 |  11 | 1473.4 |
       Dungeon |  16174 |  15372 |    802 |   4743 |   2494 |  10 | 1617.4 |
        Temple |     33 |     33 |      0 |      0 |      0 |   1 |   33.0 |
               +--------+--------+--------+--------+--------+-----+--------+

Top non-repeatable levels by time:
     D:4: 2612 daAuts
     D:9: 2044 daAuts
    D:10: 1985 daAuts
     D:2: 1852 daAuts
     D:6: 1791 daAuts
     D:5: 1692 daAuts
     D:1: 1145 daAuts
     D:8: 1120 daAuts
     D:7: 1019 daAuts
     D:3: 910 daAuts
  Temple: 33 daAuts
